 Dungeon Sprint DCSS version 0.21-a0-265-gb353147 (webtiles) character file.

12588 Kidiri the Eclecticist (level 11, -19/73 HPs)
             Began as a Deep Elf Fire Elementalist on Sept 10, 2017.
             Was the Champion of Vehumet.
             Demolished by a death yak (29 damage)
             ... in the Dungeon (Sprint III: "The Ten Rune Challenge").
             The game lasted 00:18:58 (2539 turns).

Kidiri the Eclecticist (Deep Elf Fire Elementalist) Turns: 2539, Time: 00:18:58

Health: -19/73     AC:  2    Str:  5    XL:     11   Next: 64%
Magic:  19/35      EV: 19    Int: 24    God:    Vehumet [******]
Gold:   31         SH:  0    Dex: 15    Spells: 1/46 levels left

rFire    . . .     SeeInvis .   b - +0 dagger
rCold    . . .     Gourm    .   (no shield)
rNeg     . . .     Faith    .   a - +0 robe
rPois    .         Spirit   .   (helmet restricted)
rElec    .         Reflect  .   (no cloak)
rCorr    .         Harm     .   (no gloves)
MR       +....     Rnd*Rage +   (no boots) Stlth ++........NoTele +
                                (no amulet)
HPRegen  0.22/turn              k - ring of wizardry
MPRegen  0.24/turn              (no ring)

@: no status effects
A: antennae 1, berserk 1, robust 1, subdued magic 1
a: Renounce Religion


You were in the Dungeon.
You worshipped Vehumet.
Vehumet was exalted by your worship.
You were not hungry.

You visited 1 branch You collected 31 gold pieces.

Inventory:

Hand Weapons
 b - a +0 dagger (weapon)
Missiles
 s - 7 throwing nets (quivered)
Armour
 a - a +0 robe (worn)
Jewellery
 k - a ring of wizardry (left hand)
Scrolls
 l - 2 scrolls of immolation
 m - 2 scrolls of identify
 n - 3 scrolls of remove curse
Potions
 d - 4 potions of curing
 e - a potion of heal wounds
 f - a potion of haste
 h - a potion of berserk rage
 j - a potion of might
 o - 3 potions of flight
Books
 q - a Young Poisoner's Handbook

   Spells                             Type                      Level
   a - Sting                          Conjuration/Poison           1
   b - Poisonous Vapours              Poison/Air                   2
   c - Mephitic Cloud                 Conjuration/Poison/Air       3
   d - Olgreb's Toxic Radiance        Poison                       4
   e - Venom Bolt                     Conjuration/Poison           5
Comestibles
 c - 3 bread rations
 p - 24 royal jellies
 r - 13 chunks of flesh


   Skills:
 + Level 7.3 Fighting
 + Level 8.6 Short Blades
 + Level 7.3 Armour
 + Level 10.5 Dodging
 - Level 2.4 Stealth
 * Level 18.0 Spellcasting
 + Level 11.4 Conjurations
 + Level 11.7 Fire Magic
 + Level 8.7 Air Magic
 + Level 4.2 Earth Magic
 + Level 9.5 Poison Magic


You had one spell level left.
You knew the following spells:

 Your Spells              Type           Power        Failure   Level  Hunger
a - Flame Tongue          Conj/Fire      #####        0%          1    None
b - Throw Flame           Conj/Fire      ######       0%          2    None
c - Conjure Flame         Conj/Fire      ######..     1%          3    None
d - Inner Flame           Hex/Fire       #####...     1%          3    None
e - Sticky Flame          Conj/Fire      ######..     1%          4    None
f - Fireball              Conj/Fire      ######....   1%          5    None
g - Bolt of Magma         Conj/Fire/Erth ######....   1%          5    None
h - Airstrike             Air            #####.....   1%          4    None
i - Iron Shot             Conj/Erth      #####.....   1%          6    ###....
j - Mephitic Cloud        Conj/Pois/Air  ######..     1%          3    None
k - Olgreb's Toxic Radia  Pois           ######..     1%          4    None
l - Venom Bolt            Conj/Pois      ######....   1%          5    None


Dungeon Overview and Level Annotations

Branches:
Dungeon (1/1)

Altars:
Cheibriados
Dithmenos
Elyvilon
Fedhas
Gozag
Hepliaklqana
Kikubaaqudgha
Makhleb
Nemelex Xobeh
Okawaru
Qazlal
Ru
Sif Muna
Trog
Uskayaw
Vehumet
Wu Jian
Xom
Yredelemnul
Zin
The Shining One
Beogh
Jiyva
Lugonu

Annotations:
D exclusion: 6 doors


Innate Abilities, Weirdness & Mutations

You have a pair of small antennae on your head.
You tend to lose your temper in combat.
You are robust. (+10% HP)
Your spells are a little easier to cast, but a little less powerful.


Message History

Your toxic aura wanes.
The blink frog burns!
The blink frog blinks! x2
Unknown command.
The blink frog burns!
Unknown command.
Casting: Sticky Flame
Confirm with . or Enter, or press ? or * to list all spells.
Aiming: Sticky Flame
Press: ? - help, Shift-Dir - straight line, f - death yak, p - blink frog
Aim: a death yak (heavily wounded, poisoned)
The sticky flame hits the death yak.
The death yak is severely wounded.
The death yak is covered in liquid flames!
The death yak burns!
The blink frog burns!
You kill the blink frog!
Vehumet accepts your kill.
You feel your power returning.
Your Spellcasting skill increases to level 18!
The blink frog blinks!
The death yak gores you!!
You die...

▓.................#___#__+...
▓▓▓▓▓▓▓▓▓▓▓▓▓▓▓▓▓▓▓▓▓▓▓▓▓▓▓▓▓
+.≈§≈≈≈.≈.♣♣.....♣♣♣♣≈≈≈
#≈≈.§≈§§≈≈♣♣.≈≈≈≈+♣♣'♣≈≈
#≈≈≈.§§≈.≈)'÷..÷%#.≈♣♣♣♣
#≈.≈§≈§≈.≈♣♣♣♣♣♣♣#..♣♣
#≈≈≈≈≈≈≈≈≈♣ ###+♣♣♣
▓##+####'#######♣ ♣♣♣♣.##.
▓........†.@Y.F.♣♣ ♣...##.#
▓#+#############'♣ ♣♣.##%##
...F.F..♣ ♣..#.## .########
♣♣.##.# {{ ♣♣.##.# ♣.....#
#######


You could see a death yak (burning) and a blink frog.

Vanquished Creatures
  Rupert (D)
  Erolcha (D)
  2 death yaks (D)
  Urug (D)
  A lindwurm (D)
  A deep elf mage (D)
  2 spiny frogs (D)
  A rime drake (D)
  A komodo dragon (D)
  A queen bee (D)
  3 wandering mushrooms (D)
  2 tyrant leeches (D)
  6 blink frogs (D)
  5 redbacks (D)
  A shadow (D)
  A spatial vortex (D)
  A swamp drake (D)
  A necrophage (D)
  5 two-headed ogres (D)
  A water elemental (D)
  A scorpion (D)
  32 killer bees (D)
  A jelly (D)
  Jessica (D)
  A wizard (D)
  A necromancer (D)
  3 humans (D)
  A kobold demonologist (D)
  An ooze (D)
  A rat (D)
81 creatures vanquished.

Vanquished Creatures (others)
  2 draconian scorchers (D)
  6 hellions (D)
  2 yaktaurs (D)
  A plant (D)
11 creatures vanquished.

Grand Total: 92 creatures vanquished

Notes
Turn   | Place    | Note
-------+----------+-------------------------------------------
     0 | D        | Kidiri the Deep Elf Fire Elementalist began the quest for the Orb.
     0 | D        | Reached XP level 1. HP: 10/10 MP: 6/6
     6 | D        | Reached skill level 4 in Spellcasting
   118 | D        | Killed a yaktaur
   141 | D        | Killed a hellion
   152 | D        | Killed a hellion
   153 | D        | Killed a hellion
   153 | D        | Killed a hellion
   167 | D        | Noticed Jessica
   168 | D        | Killed Jessica
   168 | D        | Reached skill level 6 in Spellcasting
   168 | D        | Reached XP level 2. HP: 15/15 MP: 7/11
   168 | D        | Reached XP level 3. HP: 19/19 MP: 7/12
   172 | D        | Learned a level 2 spell: Throw Flame
   176 | D        | Learned a level 3 spell: Conjure Flame
   180 | D        | Learned a level 3 spell: Inner Flame
   214 | D        | Noticed a scorpion
   218 | D        | Killed a scorpion
   218 | D        | Reached skill level 8 in Spellcasting
   218 | D        | Reached skill level 5 in Fire Magic
   218 | D        | Reached XP level 4. HP: 24/24 MP: 9/16
   224 | D        | Learned a level 4 spell: Sticky Flame
   245 | D        | Gained mutation: Your flesh is heat resistant. (rF+) [potion of mutation]
   245 | D        | Gained mutation: You have a pair of small antennae on your head. [potion of mutation]
   245 | D        | Killed a white draconian scorcher
   246 | D        | Lost mutation: You have a pair of small antennae on your head. [potion of mutation]
   246 | D        | Lost mutation: Your flesh is heat resistant. (rF+) [potion of mutation]
   246 | D        | Gained mutation: You have sharp toenails. [potion of mutation]
   246 | D        | Gained mutation: You are partially covered in thin metallic scales. (AC +2) [potion of mutation]
   247 | D        | Lost mutation: You have sharp toenails. [potion of mutation]
   247 | D        | Lost mutation: You are partially covered in thin metallic scales. (AC +2) [potion of mutation]
   247 | D        | Gained mutation: You have a pair of small horns on your head. [potion of mutation]
   247 | D        | Gained mutation: Your flesh is cold resistant. (rC+) [potion of mutation]
   247 | D        | Gained mutation: Your mind is acute. (Int +2) [potion of mutation]
   248 | D        | Lost mutation: Your mind is acute. (Int +2) [potion of mutation]
   248 | D        | Lost mutation: You have a pair of small horns on your head. [potion of mutation]
   248 | D        | Gained mutation: Your flesh is very cold resistant. (rC++) [potion of mutation]
   248 | D        | Gained mutation: You can translocate small distances at will. [potion of mutation]
   248 | D        | Gained mutation: Your body sometimes deteriorates upon taking damage. [potion of mutation]
   248 | D        | Gained mutation: You are partially covered in molten scales. (AC +2) [potion of mutation]
   249 | D        | Lost mutation: Your flesh is very cold resistant. (rC++) [potion of mutation]
   249 | D        | Lost mutation: You can translocate small distances at will. [potion of mutation]
   249 | D        | Gained mutation: You are robust. (+10% HP) [potion of mutation]
   250 | D        | Lost mutation: You are partially covered in molten scales. (AC +2) [potion of mutation]
   250 | D        | Lost mutation: Your flesh is cold resistant. (rC+) [potion of mutation]
   250 | D        | Lost mutation: Your body sometimes deteriorates upon taking damage. [potion of mutation]
   250 | D        | Gained mutation: Your spells are a little easier to cast, but a little less powerful. [potion of mutation]
   250 | D        | Gained mutation: You tend to lose your temper in combat. [potion of mutation]
   250 | D        | Gained mutation: You have a pair of small antennae on your head. [potion of mutation]
   284 | D        | Noticed a water elemental
   287 | D        | Killed a water elemental
   287 | D        | Reached skill level 10 in Spellcasting
   287 | D        | Reached skill level 5 in Conjurations
   287 | D        | Reached XP level 5. HP: 13/30 MP: 10/19
   289 | D        | Killed a hellion
   299 | D        | Learned a level 5 spell: Fireball
   309 | D        | Killed a hellion
   339 | D        | Killed a white draconian scorcher
   449 | D        | Found a radiant altar of Vehumet.
   450 | D        | Found a deep blue altar of Sif Muna.
   450 | D        | Found an ancient bone altar of Kikubaaqudgha.
   469 | D        | Became a worshipper of Vehumet
   474 | D        | Learned a level 3 spell: Mephitic Cloud
   479 | D        | Learned a level 4 spell: Olgreb's Toxic Radiance
   511 | D        | Found a glowing silver altar of Zin.
   512 | D        | Found a glowing golden altar of the Shining One.
   512 | D        | Found a white marble altar of Elyvilon.
   512 | D        | Noticed a deep elf mage
   516 | D        | Noticed a tarantella
   519 | D        | Killed a deep elf mage
   519 | D        | Reached skill level 12 in Spellcasting
   519 | D        | Reached XP level 6. HP: 19/39 MP: 4/23
   519 | D        | Reached XP level 7. HP: 22/44 MP: 4/24
   545 | D        | Learned a level 5 spell: Venom Bolt
   677 | D        | Found an ornate altar of the Wu Jian Council.
   677 | D        | Found a roughly hewn altar of Beogh.
   677 | D        | Found an iron altar of Okawaru.
   677 | D        | Found a bloodstained altar of Trog.
   677 | D        | Found a hide-covered altar of Uskayaw.
   677 | D        | Noticed a human
   677 | D        | Noticed a human
   681 | D        | Killed a human
   681 | D        | Reached skill level 5 in Dodging
   684 | D        | Killed a human
   684 | D        | Reached * piety under Vehumet
   684 | D        | Offered knowledge of Sandblast by Vehumet.
   792 | D        | Found a basalt altar of Yredelemnul.
   792 | D        | Found a shadowy altar of Dithmenos.
   792 | D        | Found a sacrificial altar of Ru.
   842 | D        | Noticed a shadow
   843 | D        | Reached ** piety under Vehumet
   843 | D        | Offered knowledge of Magic Dart by Vehumet.
   843 | D        | Reached skill level 13 in Spellcasting
   843 | D        | Reached XP level 8. HP: 50/50 MP: 19/27
   858 | D        | Killed a yaktaur
   888 | D        | Found a blossoming altar of Fedhas.
   888 | D        | Found a stormy altar of Qazlal.
   888 | D        | Found a snail-covered altar of Cheibriados.
   888 | D        | Found a burning altar of Makhleb.
   888 | D        | Found a shimmering altar of Xom.
   889 | D        | Found a hazy altar of Hepliaklqana.
   889 | D        | Found an opulent altar of Gozag.
   889 | D        | Found a sparkling altar of Nemelex Xobeh.
   889 | D        | Found a corrupted altar of Lugonu.
   889 | D        | Found a viscous altar of Jiyva.
   955 | D        | Reached *** piety under Vehumet
   955 | D        | Reached skill level 5 in Poison Magic
  1082 | D        | Noticed a two-headed ogre
  1094 | D        | Killed a two-headed ogre
  1094 | D        | Offered knowledge of Searing Ray by Vehumet.
  1210 | D        | Noticed Erolcha
  1211 | D        | Noticed a two-headed ogre
  1214 | D        | Killed Erolcha
  1214 | D        | Reached skill level 5 in Short Blades
  1214 | D        | Reached skill level 14 in Spellcasting
  1214 | D        | Reached skill level 5 in Air Magic
  1214 | D        | Reached XP level 9. HP: 57/57 MP: 14/29
  1215 | D        | Reached **** piety under Vehumet
  1220 | D        | Killed a two-headed ogre
  1240 | D        | Reached skill level 5 in Armour
  1435 | D        | Offered knowledge of Airstrike by Vehumet.
  1435 | D        | Reached skill level 5 in Fighting
  1435 | D        | Reached ***** piety under Vehumet
  1436 | D        | Reached skill level 15 in Spellcasting
  1437 | D        | Reached ****** piety under Vehumet
  1437 | D        | Reached skill level 10 in Fire Magic
  1438 | D        | Noticed a queen bee
  1440 | D        | Reached XP level 10. HP: 57/64 MP: 24/31
  1564 | D        | Learned a level 4 spell: Airstrike
  1576 | D        | Offered knowledge of Force Lance by Vehumet.
  1649 | D        | Reached skill level 10 in Conjurations
  1661 | D        | Reached skill level 16 in Spellcasting
  1703 | D        | Noticed a spiny frog
  1703 | D        | Noticed a spiny frog
  1711 | D        | Killed a spiny frog
  1711 | D        | Offered knowledge of Ozocubu's Refrigeration by Vehumet.
  1716 | D        | Killed a spiny frog
  2037 | D        | Noticed a lindwurm
  2040 | D        | Killed a lindwurm
  2040 | D        | Offered knowledge of Iron Shot by Vehumet.
  2163 | D        | Learned a level 6 spell: Iron Shot
  2167 | D        | Noticed Urug
  2174 | D        | Killed Urug
  2174 | D        | Reached skill level 1 in Earth Magic
  2174 | D        | Reached XP level 11. HP: 72/72 MP: 14/33
  2281 | D        | Reached skill level 17 in Spellcasting
  2350 | D        | Offered knowledge of Bolt of Magma by Vehumet.
  2396 | D        | Noticed Rupert
  2408 | D        | Killed Rupert
  2408 | D        | Reached skill level 10 in Dodging
  2497 | D        | Learned a level 5 spell: Bolt of Magma
  2514 | D        | Noticed a death yak
  2518 | D        | Noticed a death yak
  2519 | D        | Killed a death yak
  2520 | D        | Noticed a death yak
  2522 | D        | Noticed a death yak
  2529 | D        | Killed a death yak
  2539 | D        | Reached skill level 18 in Spellcasting
  2539 | D        | Demolished by a death yak

Vault maps used:
D:        dungeon_sprint_mu

Skill      XL: |  1  2  3  4  5  6  7  8  9 10 11 |
---------------+----------------------------------+-----
Spellcasting   | 6 8 10 12 13 14 15 16 18 | 18.0
Conjurations   | 3 4 5 7 8 9 10 11 | 11.4
Fire Magic     | 4 5 6 8 9 10 11 | 11.7
Fighting       | 2 3 4 5 6 7 |  7.3
Short Blades   | 3 5 6 7 8 |  8.6
Armour         | 2 3 4 5 6 7 |  7.3
Dodging        | 4 5 7 8 9 10 | 10.5
Air Magic      | 3 5 6 7 8 |  8.7
Poison Magic   | 3 4 6 7 8 9 |  9.5
Earth Magic    | 1 4 |  4.2
Stealth        | |  2.4

Action                   |  1- 3 |  4- 6 |  7- 9 | 10-12 || total
-------------------------+-------+-------+-------+-------++-------
Melee: Dagger            |       |       |     6 |     5 ||    11
 Cast: Flame Tongue      |     7 |    10 |    33 |    44 ||    94
       Throw Flame       |     1 |     1 |     1 |     1 ||     4
       Conjure Flame     |       |     1 |     8 |     4 ||    13
       Sticky Flame      |       |     3 |     7 |     7 ||    17
       Olgreb's Toxic Ra |       |     1 |     6 |     7 ||    14
       Mephitic Cloud    |       |     1 |     4 |     2 ||     7
       Inner Flame       |       |       |     5 |       ||     5
       Venom Bolt        |       |       |     4 |    23 ||    27
       Iron Shot         |       |       |       |     9 ||     9
       Fireball          |       |       |       |     2 ||     2
       Airstrike         |       |       |       |     2 ||     2
  Use: Potion            |       |     6 |       |     2 ||     8
       Scroll            |       |       |       |     2 ||     2
 Stab: Confused          |       |       |     1 |       ||     1
       Sleeping          |       |       |       |     1 ||     1
  Eat: Chunk             |       |       |     2 |       ||     2
       Royal jelly       |       |       |       |     3 ||     3
Armor: Robe              |       |     1 |       |       ||     1
Dodge: Dodged            |       |     7 |    12 |    16 ||    35

Table legend:
 A = Spawn XP
 B = Non-spawn XP
 C = Spawn XP percentage of total XP
 D = Spawn monster count
 E = Non-spawn monster count
 F = Spawn count percentage of total count
 G = Total turns spent on level
                    A         B        C        D         E        F      G
               +---------+---------+-------+---------+---------+-------+---------
         Total |       0 |   17984 |   0.0 |       0 |      81 |   0.0 |  2539
               +---------+---------+-------+---------+---------+-------+---------
             D |       0 |   17984 |   0.0 |       0 |      81 |   0.0 |  2539
               +---------+---------+-------+---------+---------+-------+---------
